 Dungeon Crawl Stone Soup version 0.20-a0-210-gd6c29eb (webtiles) character file.

32 deepsabbath the Firebug (level 3, 0/19 HPs)
             Began as a Deep Elf Fire Elementalist on Nov 26, 2016.
             Succumbed to an adder's poison
             ... on level 2 of the Dungeon.
             The game lasted 00:02:43 (1405 turns).

deepsabbath the Firebug (DEFE)                      Turns: 1405, Time: 00:02:44

Health: 0/19       AC:  5    Str:  6    XL:     3   Next: 10%
Magic:  9/9        EV: 10    Int: 19    God:
Gold:   39         SH:  0    Dex: 15    Spells: 7/8 levels left

rFire  . . .     SeeInvis .     d - +0 short sword
rCold  . . .     Gourm    .     l - +0 ring mail
rNeg   . . .     Faith    .     (no shield)
rPois  .         Spirit   .     (no helmet)
rElec  .         Reflect  .     (no cloak)
rCorr  .         Harm     .     (no gloves)
MR     .....                    (no boots)
Stlth  +.........               (no amulet)
                                (no ring)
                                f - +2 ring of slaying

@: lethally poisoned (0 -> -6)
A: no striking features
a: no special abilities


You were on level 2 of the Dungeon.
You were hungry.

You visited 1 branch of the dungeon, and saw 2 of its levels.

You collected 39 gold pieces.

Inventory:

Hand Weapons
 d - a +0 short sword (weapon)
   (You found it on level 1 of the Dungeon)
Missiles
 a - 8 stones (quivered)
Armour
 l - a +0 ring mail (worn)
   (You found it on level 1 of the Dungeon)
 m - a +0 plate armour
   (You found it on level 2 of the Dungeon)
Jewellery
 f - a +2 ring of slaying (left hand)
   (You found it on level 1 of the Dungeon)
Scrolls
 e - a scroll of identify {unknown}
 h - a scroll of amnesia {unknown}
 j - a scroll of blinking {unknown}
Books
 b - a book of Flames
Comestibles
 c - 2 bread rations {@e1}
 i - a royal jelly
 k - a meat ration {@e2}
 n - 3 chunks of flesh {@w0}


   Skills:
 + Level 2.8 Short Blades
 - Level 2.4 Dodging
 - Level 2.4 Stealth
 - Level 3.0 Spellcasting
 - Level 1.1 Conjurations
 - Level 3.2 Fire Magic


You had 7 spell levels left.
You knew the following spells:

 Your Spells              Type           Power        Failure   Level  Hunger
a - Flame Tongue          Conj/Fire      ##...        30%         1    None


Dungeon Overview and Level Annotations

Branches:
Dungeon (2/15)

Altars:


Message History

You throw a stone.
The stone hits the hobgoblin but does no damage.
You closely miss the hobgoblin. The hobgoblin barely misses you.
You hit the hobgoblin.
The hobgoblin hits you but does no damage.
You hit the hobgoblin but do no damage.
The hobgoblin hits you but does no damage.
You hit the hobgoblin.
You kill the hobgoblin!
No target in view!
Things that are here:
a club; a hobgoblin corpse You butcher the hobgoblin corpse.
n - 3 chunks of flesh {@w0}
Things that are here:
a club; a hobgoblin skeleton
a - 4 stones (gained 1)
a - 5 stones (gained 1)
a - 6 stones (gained 1)
a - 7 stones (gained 1)
a - 8 stones (gained 1)
a - 9 stones (gained 1)
You see here a rat corpse.
a - 10 stones (gained 1)
An adder comes into view.
You see here a stone.
Health restored: 15
Aim: an adder (resting)
You throw a stone. The stone hits the adder.
The adder hisses angrily.
Aim: an adder (lightly wounded)
You throw a stone. The stone closely misses the adder.
The adder bites you but does no damage.
You hit the adder. The adder bites you.
You take 3 damage, and have 12/15 hp.
You hit the adder but do no damage. The adder bites you but does no damage.
The adder bites you.
You are poisoned.
The adder poisons you!
You take 2 damage, and have 10/15 hp.
Your ring mail prevents you from hitting the adder.
You feel sick. The adder bites you.
You are lethally poisoned!
The adder poisons you!
You take 4 damage, and have 6/15 hp.
MASSIVE DAMAGE!!
It was a potion of curing.
You feel better. The adder bites you.
You regained 8 hp, and now have 14/15 hp.
Your ring mail prevents you from hitting the adder.
The adder bites you.
You take 3 damage, and have 11/15 hp.
Your ring mail prevents you from hitting the adder.
The adder bites you. The adder barely misses you.
You take 1 damage, and have 10/15 hp.
You hit the adder. The adder barely misses you.
You are feeling hungry.
Your ring mail prevents you from hitting the adder.
The adder bites you but does no damage.
You miss the adder. The adder bites you.
You take 1 damage, and have 9/15 hp.
You hit the adder. The adder bites you but does no damage.
The adder barely misses you.
You closely miss the adder. The adder bites you.
You are lethally poisoned!
The adder poisons you!
You take 2 damage, and have 7/15 hp.
You hit the adder but do no damage.
You feel sick. The adder bites you.
You take 2 damage, and have 5/15 hp.
You miss the adder. The adder bites you.
* * * LOW HITPOINT WARNING * * *
You are more poisoned.
The adder poisons you!
You take 1 damage, and have 4/15 hp.
You hit the adder.
You kill the adder!
You have reached level 3!
Your experience leads to an increase in your attributes!
Increase (S)trength, (I)ntelligence, or (D)exterity?
You feel stronger.
* * * LOW HITPOINT WARNING * * *
You feel sick.
MP restored: 9
There is a lethal amount of poison in your body!
Okay, then.
* * * LOW HITPOINT WARNING * * *
You feel sick.
You see here an adder corpse.
You take 1 damage, and have 4/19 hp.
* * * LOW HITPOINT WARNING * * *
You feel sick.
You see here a stone.
You take 1 damage, and have 3/19 hp.
You see here a stone.
* * * LOW HITPOINT WARNING * * *
You feel sick.
You take 1 damage, and have 2/19 hp.
* * * LOW HITPOINT WARNING * * *
You feel sick.
You take 1 damage, and have 1/19 hp.
You die...

#...###.)......P♣ ♣P
#.## #..†..#.... P♣
#. #.)..<...PP ♣♣♣.##
#######.#####.P ....
..............P
###...
#######(#####..
#.....#######†(#####
...........((........
#..#..@#####.#######
#.#$...##.# ..
........# #..
#.######## ## #. ..
.♣ ♣.


There were no monsters in sight!

Vanquished Creatures
  An adder (D:2)
  An ooze (D:2)
  3 bats (D:1)
  3 hobgoblins
  A frilled lizard (D:1)
  5 goblins
  4 kobolds
  4 rats
22 creatures vanquished.

Notes
Turn   | Place    | Note
-------+----------+-------------------------------------------
     0 | D:1      | deepsabbath the Deep Elf Fire Elementalist began the quest for the Orb.
     0 | D:1      | Reached XP level 1. HP: 10/10 MP: 6/6
   285 | D:1      | Reached skill level 1 in Short Blades
   683 | D:1      | Reached XP level 2. HP: 15/15 MP: 8/8
   909 | D:2      | Reached skill level 2 in Short Blades
  1398 | D:2      | Reached XP level 3. HP: 6/19 MP: 9/9
  1399 | D:2      | HP: 4/19 [poisoned by an adder]
  1403 | D:2      | HP: 1/19 [poisoned by an adder]
  1405 | D:2      | Succumbed to an adder's poison

Vault maps used:
D:1:      evilmike_arrival_crescent
D:2:      kennysheep_six_static_rooms, serial_forest, infiniplex_forest_lined_3,
          infiniplex_forest_diagonal, infiniplex_forest_end_3,
          infiniplex_forest_straight_3, infiniplex_forest_clump_double,
          infiniplex_forest_clump_cross, infiniplex_forest_end_3,
          infiniplex_forest_straight_3, infiniplex_forest_lined_2,
          infiniplex_forest_clump_long, minmay_ruptured

Skill      XL: |  1  2 |
---------------+-------+-----
Short Blades   | 1 2 |  2.8
Dodging        | |  2.4
Stealth        | |  2.4
Spellcasting   | |  3.0
Conjurations   | |  1.1
Fire Magic     | |  3.2

Action                   || total
-------------------------++-------
Melee: Short sword       ||    75
Throw: Stone             ||    28
  Use: Potion            ||     1
  Eat: Chunk             ||     1
Armor: Robe              ||     3
       Ring mail         ||    12
Dodge: Dodged            ||    32

Vault maps used:
D:1:      evilmike_arrival_crescent
D:2:      kennysheep_six_static_rooms, serial_forest, infiniplex_forest_lined_3,
          infiniplex_forest_diagonal, infiniplex_forest_end_3,
          infiniplex_forest_straight_3, infiniplex_forest_clump_double,
          infiniplex_forest_clump_cross, infiniplex_forest_end_3,
          infiniplex_forest_straight_3, infiniplex_forest_lined_2,
          infiniplex_forest_clump_long, minmay_ruptured

Table legend:
 A = Turns spent in this place as a percentage of turns spent in the entire game.
 B = Non-inter-level travel turns spent in this place as a percentage of non-inter-level travel turns spent in the entire game.
 C = Inter-level travel turns spent in this place as a percentage of turns spent in this place.
 D = Turns resting spent in this place as a percentage of non-inter-level travel turns spent in this place.
 E = Turns spent auto-exploring this place as a percentage of non-inter-level travel turns spent in this place.
 F = Non-inter-level travel turns spent in this place divided by the number of levels of this place that you've seen.
                   A       B       C       D       E      F
               +-------+-------+-------+-------+-------+----------------------
         Total | 100.0 | 100.0 |   0.6 |   4.2 |   7.5 | 180.0
       Dungeon | 100.0 | 100.0 |   0.6 |   4.2 |   7.5 | 180.0
               +-------+-------+-------+-------+-------+----------------------

Table legend:
 A = Kills in this place as a percentage of kills in entire the game.
 B = Kills by you in this place as a percentage of kills by you in the entire game.
 C = Kills by friends in this place as a percentage of kills by friends in the entire game.
 D = Other kills in this place as a percentage of other kills in the entire game.
 E = Experience gained in this place as a percentage of experience gained in the entire game.
 F = Experience gained in this place divided by the number of levels of this place that you have seen.
                   A       B       C       D       E      F
               +-------+-------+-------+-------+-------+----------------------
         Total | 100.0 | 100.0 |  -nan |  -nan | 100.0 |  23.5
       Dungeon | 100.0 | 100.0 |  -nan |  -nan | 100.0 |  23.5
               +-------+-------+-------+-------+-------+----------------------
